TOP OF THE 1ST |
Bowling Green Hot Rods batting - Pitching for Clinton LumberKings : RHP Kyle Ridgeway
|
Pitching: RHP Kyle Ridgeway
|
|
Batting: RHB Chris Thorson
|
0-0: Ball 1-0: Called Strike 1-1: Called Strike 1-2: Strikes out swinging
|
Batting: LHB Harris Vink
|
0-0: Called Strike 0-1: Swinging Strike 0-2: Fly out, F9 (Flyball, 89S, EV 93.1 MPH)
|
Batting: LHB Darryl Gonnella
|
0-0: Foul Ball, location: 2F 0-1: Fly out, F8 (Flyball, 78M, EV 79.4 MPH)
|
Top of the 1st over - 0 runs, 0 hits, 0 errors, 0 left on base; Bowling Green 0 - Clinton 0 |
BOTTOM OF THE 1ST |
Clinton LumberKings batting - Pitching for Bowling Green Hot Rods : RHP Cameron Bianchi
|
Pitching: RHP Cameron Bianchi
|
|
Batting: RHB Ryan Criollo
|
0-0: Ball 1-0: SINGLE (Groundball, 6MD, EV 100.6 MPH)
|
Batting: RHB Nick Edmunds
|
0-0: Ball 1-0: Called Strike 1-1: Fielders Choice at 2nd, 5-4 (Groundball, 5, EV 85.0 MPH)
|
Batting: LHB Jason Hopkins
|
0-0: Called Strike Nick Edmunds steals 2nd base 0-1: Ball 1-1: Foul Ball, location: 2F 1-2: Ground out 4-3 (Groundball, 4, EV 90.6 MPH) Nick Edmunds to third
|
Batting: LHB Chang Huie
|
0-0: Ball 1-0: Called Strike 1-1: Ball 2-1: Ground out 4-3 (Groundball, 4, EV 96.2 MPH)
|
Bottom of the 1st over - 0 runs, 1 hit, 0 errors, 1 left on base; Bowling Green 0 - Clinton 0 |
TOP OF THE 2ND |
Bowling Green Hot Rods batting - Pitching for Clinton LumberKings : RHP Kyle Ridgeway
|
Batting: RHB Sesto Carpini
|
0-0: Ball 1-0: Swinging Strike 1-1: Swinging Strike 1-2: Strikes out looking
|
Batting: RHB Jose Arriola
|
0-0: Called Strike 0-1: Ball 1-1: Ball 2-1: Swinging Strike 2-2: Strikes out swinging
|
Batting: RHB Dan Marks
|
0-0: Fly out, F4 (Popup, 34S, EV 82.5 MPH)
|
Top of the 2nd over - 0 runs, 0 hits, 0 errors, 0 left on base; Bowling Green 0 - Clinton 0 |
BOTTOM OF THE 2ND |
Clinton LumberKings batting - Pitching for Bowling Green Hot Rods : RHP Cameron Bianchi
|
Batting: RHB Tze-meng Li
|
0-0: SINGLE (Groundball, 34D, EV 94.4 MPH)
|
Batting: LHB Kenny Gerrity
|
0-0: Called Strike 0-1: SINGLE (Groundball, 6D, EV 101.2 MPH) Tze-meng Li to second
|
Batting: RHB Justin Colella
|
0-0: Swinging Strike 0-1: Called Strike 0-2: Ball 1-2: SINGLE (Groundball, 56D, EV 105.6 MPH) Tze-meng Li to third Kenny Gerrity to second Runner from 3rd tries for Home, SAFE, throw by LF to home
|
Batting: RHB Chris Van Niel
|
0-0: Called Strike 0-1: Ball 1-1: Ball 2-1: Foul Ball, location: 2F 2-2: Fly out, F3 (Line Drive, 34, EV 65.0 MPH)
|
Batting: LHB Ryan Rothenbach
|
0-0: Called Strike 0-1: Ball 1-1: TRIPLE (Flyball, 9LD, EV 105.0 MPH) Kenny Gerrity scores Justin Colella scores
|
Batting: RHB Ryan Criollo
|
0-0: Ball 1-0: Called Strike 1-1: Ball 2-1: Foul Ball, location: 2F 2-2: Ground out 5-3 (Groundball, 56, EV 78.8 MPH) Ryan Rothenbach scores
|
Batting: RHB Nick Edmunds
|
0-0: Ball 1-0: Foul Ball, location: 2F 1-1: Swinging Strike 1-2: Foul Ball, location: 2F 1-2: Foul Ball, location: 2F 1-2: Ball 2-2: Ball 3-2: Strikes out looking
|
Bottom of the 2nd over - 4 runs, 4 hits, 0 errors, 0 left on base; Bowling Green 0 - Clinton 4 |
TOP OF THE 3RD |
Bowling Green Hot Rods batting - Pitching for Clinton LumberKings : RHP Kyle Ridgeway
|
Batting: LHB Jimmy Detrie
|
0-0: Swinging Strike 0-1: Ball 1-1: Swinging Strike 1-2: Strikes out swinging
|
Batting: RHB Mick Corrigan
|
0-0: Ground out 4-3 (Groundball, 4M, EV 87.5 MPH)
|
Batting: RHB Dusty Camelli
|
0-0: Foul Ball, location: 2F 0-1: Swinging Strike 0-2: Hit by Pitch
|
Batting: RHB Chris Thorson
|
0-0: Foul Ball, location: 2F 0-1: Swinging Strike 0-2: Foul Ball, location: 2F 0-2: SINGLE (Groundball, 6MD, EV 97.5 MPH) Dusty Camelli to second Runner from 2nd tries for 3rd, SAFE, throw by CF made to third
|
Batting: LHB Harris Vink
|
0-0: Ball 1-0: Ball 2-0: Ball 3-0: Called Strike 3-1: Fly out, F9 (Line Drive, 9, EV 91.9 MPH)
|
Top of the 3rd over - 0 runs, 1 hit, 0 errors, 2 left on base; Bowling Green 0 - Clinton 4 |
BOTTOM OF THE 3RD |
Clinton LumberKings batting - Pitching for Bowling Green Hot Rods : RHP Cameron Bianchi
|
Batting: LHB Jason Hopkins
|
0-0: Ball 1-0: DOUBLE (Flyball, 8RXD, EV 100.0 MPH)
|
Batting: LHB Chang Huie
|
0-0: Ball 1-0: Ball 2-0: Called Strike 2-1: Ground out 4-3 (Groundball, 34, EV 106.2 MPH) Jason Hopkins to third
|
Batting: RHB Tze-meng Li
|
0-0: DOUBLE (Line Drive, 7LS, EV 96.9 MPH) Jason Hopkins scores
|
Batting: LHB Kenny Gerrity
|
0-0: Called Strike 0-1: Foul Ball, location: 2F 0-2: Ball 1-2: Ball 2-2: SINGLE (Groundball, 4, EV 95.6 MPH) Tze-meng Li to third
|
Pitching: RHP Pablo Maravilla
|
|
Batting: RHB Justin Colella
|
Balk! Tze-meng Li scores Kenny Gerrity to second 0-0: Ball 1-0: Foul Ball, location: 2F 1-1: Ball 2-1: Called Strike 2-2: Foul Ball, location: 2F 2-2: Ball 3-2: Base on Balls
|
Batting: RHB Chris Van Niel
|
0-0: Called Strike 0-1: Called Strike 0-2: Ball 1-2: Strikes out looking
|
Batting: LHB Ryan Rothenbach
|
0-0: Called Strike 0-1: Ball 1-1: Ball 2-1: Ball 3-1: Foul Ball, location: 2F 3-2: Base on Balls Kenny Gerrity to third Justin Colella to second
|
Batting: RHB Ryan Criollo
|
0-0: Foul Ball, location: 2F 0-1: Swinging Strike 0-2: SINGLE (Line Drive, 7LS, EV 102.5 MPH) Kenny Gerrity scores Justin Colella to third Ryan Rothenbach to second
|
Batting: RHB Nick Edmunds
|
0-0: Called Strike 0-1: Foul Ball, location: 2F 0-2: Ball 1-2: Ball 2-2: Strikes out swinging
|
Bottom of the 3rd over - 3 runs, 4 hits, 0 errors, 3 left on base; Bowling Green 0 - Clinton 7 |
TOP OF THE 4TH |
Bowling Green Hot Rods batting - Pitching for Clinton LumberKings : RHP Kyle Ridgeway
|
Batting: LHB Darryl Gonnella
|
0-0: Called Strike 0-1: Called Strike 0-2: Foul Ball, location: 2F 0-2: Strikes out swinging
|
Batting: RHB Sesto Carpini
|
0-0: Foul Ball, location: 2F 0-1: Ball 1-1: Foul Ball, location: 2F 1-2: Foul Ball, location: 2F 1-2: Strikes out swinging
|
Batting: RHB Jose Arriola
|
0-0: Ball 1-0: Ball 2-0: Called Strike 2-1: Ball 3-1: Base on Balls
|
Batting: RHB Dan Marks
|
0-0: Foul Ball, location: 2F 0-1: Ball Jose Arriola is caught stealing 2nd base 2-4
|
Top of the 4th over - 0 runs, 0 hits, 0 errors, 0 left on base; Bowling Green 0 - Clinton 7 |
BOTTOM OF THE 4TH |
Clinton LumberKings batting - Pitching for Bowling Green Hot Rods : RHP Pablo Maravilla
|
Batting: LHB Jason Hopkins
|
0-0: Ball 1-0: Foul Ball, location: 2F 1-1: Ball 2-1: Swinging Strike 2-2: Ball 3-2: Ground out 5-3 (Groundball, 5, EV 83.8 MPH)
|
Batting: LHB Chang Huie
|
0-0: Ball 1-0: DOUBLE (Flyball, 8LD, EV 99.4 MPH)
|
Batting: RHB Tze-meng Li
|
0-0: Called Strike 0-1: Called Strike 0-2: Ball 1-2: Ball 2-2: Ball 3-2: Foul Ball, location: 2F 3-2: SINGLE (Groundball, 4MD, EV 94.4 MPH) Chang Huie to third Runner from 3rd tries for Home, SAFE, throw by CF to home
|
Batting: LHB Kenny Gerrity
|
0-0: Called Strike 0-1: SINGLE (Groundball, 6D, EV 95.6 MPH) Tze-meng Li to second
|
Batting: RHB Justin Colella
|
0-0: Ball 1-0: Called Strike 1-1: Foul Ball, location: 2F 1-2: Strikes out looking
|
Batting: RHB Chris Van Niel
|
0-0: Ball 1-0: Ball 2-0: Called Strike 2-1: Foul Ball, location: 2F 2-2: Foul Ball, location: 2F 2-2: Ball 3-2: Base on Balls Tze-meng Li to third Kenny Gerrity to second
|
Batting: LHB Ryan Rothenbach
|
0-0: Ball 1-0: Foul Ball, location: 2F 1-1: Foul Ball, location: 2F 1-2: Ball 2-2: Strikes out swinging
|
Bottom of the 4th over - 1 run, 3 hits, 0 errors, 3 left on base; Bowling Green 0 - Clinton 8 |
TOP OF THE 5TH |
Bowling Green Hot Rods batting - Pitching for Clinton LumberKings : RHP Kyle Ridgeway
|
Batting: RHB Dan Marks
|
0-0: Foul Ball, location: 2F 0-1: Swinging Strike 0-2: Ball 1-2: Ball 2-2: SINGLE (Line Drive, 7S, EV 94.4 MPH)
|
Batting: LHB Jimmy Detrie
|
0-0: Ball 1-0: Swinging Strike 1-1: Ball 2-1: Foul Ball, location: 2F 2-2: Strikes out swinging
|
Batting: RHB Mick Corrigan
|
0-0: Grounds into double play, 6-4-3 (Groundball, 6, EV 81.9 MPH)
|
Top of the 5th over - 0 runs, 1 hit, 0 errors, 0 left on base; Bowling Green 0 - Clinton 8 |
BOTTOM OF THE 5TH |
Clinton LumberKings batting - Pitching for Bowling Green Hot Rods : RHP Pablo Maravilla
|
Batting: RHB Ryan Criollo
|
0-0: Ball 1-0: TRIPLE (Line Drive, 89XD, EV 107.5 MPH)
|
Pitching: RHP Kingo Tsutsumi
|
|
Batting: RHB Nick Edmunds
|
0-0: Ball 1-0: Ball 2-0: Foul Ball, location: 2F 2-1: Ball 3-1: Swinging Strike 3-2: Base on Balls
|
Batting: LHB Jason Hopkins
|
0-0: Ball 1-0: Swinging Strike 1-1: Foul Ball, location: 2F 1-2: Ball 2-2: Ball 3-2: Fly out, F8 (Flyball, 8LD, EV 95.6 MPH) Runner from 3rd tags up, SCORES, throw by CF
|
Batting: LHB Chang Huie
|
0-0: Ball 1-0: Foul Ball, location: 2F 1-1: Ball 2-1: Foul Ball, location: 2F 2-2: TRIPLE (Line Drive, 89XD, EV 99.4 MPH) Nick Edmunds scores
|
Batting: RHB Tze-meng Li
|
0-0: Ball 1-0: Foul Ball, location: 2F 1-1: Foul Ball, location: 2F 1-2: Strikes out swinging
|
Batting: LHB Kenny Gerrity
|
0-0: Called Strike 0-1: Ball 1-1: Ball 2-1: Foul Ball, location: 2F 2-2: SINGLE (Line Drive, 6MD, EV 96.9 MPH) Chang Huie scores
|
Batting: RHB Justin Colella
|
0-0: Called Strike 0-1: Ball 1-1: Ball 2-1: DOUBLE (Line Drive, 7LS, EV 105.0 MPH) Kenny Gerrity to third Runner from 3rd tries for Home, throw by LF and OUT! 7-6-2
|
Bottom of the 5th over - 3 runs, 4 hits, 0 errors, 1 left on base; Bowling Green 0 - Clinton 11 |
TOP OF THE 6TH |
Bowling Green Hot Rods batting - Pitching for Clinton LumberKings : RHP Kyle Ridgeway
|
Batting: RHB Dusty Camelli
|
0-0: Swinging Strike 0-1: Foul Ball, location: 2F 0-2: Strikes out looking
|
Batting: RHB Chris Thorson
|
0-0: Called Strike 0-1: Ball 1-1: DOUBLE (Flyball, 8LXD, EV 97.5 MPH)
|
Batting: LHB Harris Vink
|
0-0: Ball 1-0: Fly out, F7 (Line Drive, 7, EV 103.8 MPH)
|
Batting: LHB Darryl Gonnella
|
0-0: Called Strike 0-1: Fly out, F3 (Line Drive, 3L, EV 77.5 MPH)
|
Top of the 6th over - 0 runs, 1 hit, 0 errors, 1 left on base; Bowling Green 0 - Clinton 11 |
BOTTOM OF THE 6TH |
Clinton LumberKings batting - Pitching for Bowling Green Hot Rods : RHP Kingo Tsutsumi
|
Batting: RHB Chris Van Niel
|
0-0: Ball 1-0: Called Strike 1-1: Foul Ball, location: 2F 1-2: Ball 2-2: Foul Ball, location: 2F 2-2: Strikes out swinging
|
Batting: LHB Ryan Rothenbach
|
0-0: Ball 1-0: Called Strike 1-1: Swinging Strike 1-2: Ball 2-2: Ball 3-2: Strikes out looking
|
Batting: RHB Ryan Criollo
|
0-0: Ball 1-0: Ground out 5-3 (Groundball, 5S, EV 86.9 MPH)
|
Bottom of the 6th over - 0 runs, 0 hits, 0 errors, 0 left on base; Bowling Green 0 - Clinton 11 |
TOP OF THE 7TH |
Bowling Green Hot Rods batting - Pitching for Clinton LumberKings : RHP Kyle Ridgeway
|
Batting: RHB Sesto Carpini
|
0-0: Called Strike 0-1: Ball 1-1: Called Strike 1-2: Fly out, F9 (Flyball, 9, EV 83.1 MPH)
|
Batting: RHB Jose Arriola
|
0-0: Called Strike 0-1: Ball 1-1: Foul Ball, location: 2F 1-2: Ball 2-2: Foul Ball, location: 2F 2-2: Strikes out looking
|
Batting: RHB Dan Marks
|
0-0: Called Strike 0-1: Ball 1-1: Foul Ball, location: 2F 1-2: Ball 2-2: Ball 3-2: Foul Ball, location: 2F 3-2: Foul Ball, location: 2F 3-2: Foul Ball, location: 2F 3-2: Base on Balls
|
Batting: LHB Jimmy Detrie
|
0-0: Called Strike 0-1: Fly out, F9 (Flyball, 9LS, EV 87.5 MPH)
|
Top of the 7th over - 0 runs, 0 hits, 0 errors, 1 left on base; Bowling Green 0 - Clinton 11 |
BOTTOM OF THE 7TH |
Clinton LumberKings batting - Pitching for Bowling Green Hot Rods : RHP Kingo Tsutsumi
|
Pinch Hitting: LHB William Warren
|
0-0: Swinging Strike 0-1: Ground out 1-3 (Groundball, 13S, EV 71.9 MPH)
|
Batting: LHB Jason Hopkins
|
0-0: Called Strike 0-1: SOLO HOME RUN (Line Drive, 9LD, EV 95.0 MPH), Distance : 350 ft
|
Batting: LHB Chang Huie
|
0-0: Ball 1-0: Called Strike 1-1: Ground out 5-3 (Groundball, 5S, EV 85.0 MPH)
|
Batting: RHB Tze-meng Li
|
0-0: Foul Ball, location: 2F 0-1: Called Strike 0-2: Ball 1-2: SINGLE (Groundball, 34D, EV 108.1 MPH)
|
Pitching: RHP Virgil Laverick
|
|
Batting: LHB Kenny Gerrity
|
0-0: Called Strike 0-1: Ball 1-1: Called Strike 1-2: Fielders Choice at 2nd, 5-4 (Groundball, 56, EV 85.6 MPH)
|
Bottom of the 7th over - 1 run, 2 hits, 0 errors, 1 left on base; Bowling Green 0 - Clinton 12 |
TOP OF THE 8TH |
Bowling Green Hot Rods batting - Pitching for Clinton LumberKings : RHP Kyle Ridgeway
|
Now in RF: William Warren
|
|
Batting: RHB Mick Corrigan
|
0-0: Called Strike 0-1: Ball 1-1: Foul Ball, location: 2F 1-2: Ball 2-2: Strikes out swinging
|
Batting: RHB Dusty Camelli
|
0-0: Ball 1-0: Called Strike 1-1: Ball 2-1: Called Strike 2-2: Ball 3-2: Base on Balls
|
Batting: RHB Chris Thorson
|
0-0: Foul Ball, location: 2F 0-1: Swinging Strike 0-2: Ball 1-2: Foul Ball, location: 2F 1-2: Ball 2-2: Grounds into double play, 5-4-3 (Groundball, 56, EV 86.9 MPH)
|
Top of the 8th over - 0 runs, 0 hits, 0 errors, 0 left on base; Bowling Green 0 - Clinton 12 |
BOTTOM OF THE 8TH |
Clinton LumberKings batting - Pitching for Bowling Green Hot Rods : RHP Virgil Laverick
|
Batting: RHB Justin Colella
|
0-0: Called Strike 0-1: SINGLE (Line Drive, 34D, EV 106.2 MPH)
|
Batting: RHB Chris Van Niel
|
0-0: SINGLE (Line Drive, 34D, EV 96.9 MPH) Justin Colella to second
|
Batting: LHB Ryan Rothenbach
|
0-0: Foul Ball, location: 2F 0-1: Swinging Strike 0-2: Fielders Choice at 2nd, 4-6 (Groundball, 4, EV 82.5 MPH) Justin Colella to third
|
Batting: RHB Ryan Criollo
|
0-0: Ball 1-0: SINGLE (Line Drive, 56D, EV 94.4 MPH) Justin Colella scores Ryan Rothenbach to second
|
Batting: LHB William Warren
|
0-0: Ball 1-0: Fielders Choice at 2nd, 5-4 (Groundball, 56, EV 79.4 MPH) Ryan Rothenbach to third
|
Batting: LHB Jason Hopkins
|
0-0: Ball 1-0: Foul Ball, location: 2F 1-1: Ball 2-1: Called Strike 2-2: Foul Ball, location: 2F 2-2: Ball Wild Pitch! Ryan Rothenbach scores William Warren to second 3-2: DOUBLE (Line Drive, 3D, EV 98.1 MPH) William Warren scores
|
Batting: LHB Chang Huie
|
0-0: Ball 1-0: Swinging Strike 1-1: Foul Ball, location: 2F 1-2: Foul Ball, location: 2F 1-2: Foul Ball, location: 2F 1-2: Ball 2-2: Strikes out swinging
|
Bottom of the 8th over - 3 runs, 4 hits, 0 errors, 1 left on base; Bowling Green 0 - Clinton 15 |
TOP OF THE 9TH |
Bowling Green Hot Rods batting - Pitching for Clinton LumberKings : RHP Kyle Ridgeway
|
Batting: LHB Harris Vink
|
0-0: Ball 1-0: Called Strike 1-1: Ground out 4-3 (Groundball, 4, EV 87.5 MPH)
|
Pitching: RHP In Bea
|
|
Batting: LHB Darryl Gonnella
|
0-0: Ball 1-0: Foul Ball, location: 2F 1-1: Ball 2-1: Ground out 6-3 (Groundball, 6, EV 105.0 MPH)
|
Pinch Hitting: RHB Kunizo Yanagisawa
|
0-0: Ground out 5-3 (Groundball, 56, EV 84.4 MPH)
|
Top of the 9th over - 0 runs, 0 hits, 0 errors, 0 left on base; Bowling Green 0 - Clinton 15 |
|